[Event "*** SCC Grand Prix: Titled Tuesday Blitz"]
[Site "Chess.com"]
[Date "2020.10.13"]
[Round "5"]
[White "blitzking1729"]
[Black "karwowskikacper"]
[Result "1-0"]
[WhiteElo "2546"]
[BlackElo "2338"]
[TimeControl "180+1"]
[EndTime "10:57:24 PDT"]
[Termination "blitzking1729 won by checkmate"]

1. d4 Nf6 2. Bf4 c5 3. e3 Qb6 4. Nc3 Qxb2 5. Nb5 Nd5 6. Rb1 Qxa2 7. Ra1 Qb2 8. Bxb8 Rxb8 9. Nf3 Nb4 10. Rc1 a6 11. Nc7+ Kd8 12. c3 Kxc7 13. cxb4 Qxb4+ 14. Nd2 d6 15. dxc5 dxc5 16. Rc4 Qa5 17. Qc1 e5 18.
Be2 Be6 19. Rc3 b5 20. O-O c4 21. Bxc4 bxc4 22. Nxc4 Bxc4 23. Rxc4+ Kb7 24. Qc2 Bd6 25.
Rd1 Rhd8 26. h3 Ka7 27. Qe4 Rb7 28. Rd5 Qb6 29. Kh2 g6 30. g3 f5 31. Qd3 e4 32.
Qd1 Qb3 33. Qd4+ Qb6 34. Qd1 Bxg3+ 35. Kxg3 Rxd5 36. Qxd5 Qb5 37. Qd4+ Qb6 38. Rc5 a5 39. Rxa5+ Kb8 40. Rc5 Qc7+ 41. Rxc7 Rxc7 42. h4 Kb7 43.
Qe5 Rc6 44. Kf4 h5 45. Kg5 Kb6 46. Qd4+ Kc7 47. Qd5 Rd6 48. Qxd6+ Kxd6 49. Kxg6 Ke5 50. Kxh5 f4 51. Kg5 f3 52. h5 Kd5 53. Kg6 Kc4 54. h6 Kd3 55. h7 Ke2 56. h8=Q Kxf2 57. Qh6 Ke2 58. Kf5 f2 59. Qh1 Kxe3 60. Qxe4+ Kd2 61.
Qf3 Ke1 62. Qe3+ Kf1 63. Kg4 Kg2 64. Qe2 Kh1 65. Kg3 f1=N+ 66. Qxf1# 1-0

[Event "*** SCC Grand Prix: Titled Tuesday Blitz"]
[Site "Chess.com"]
[Date "2020.10.13"]
[Round "5"]
[White "BillieKimbah"]
[Black "Alexsur1981"]
[Result "0-1"]
[WhiteElo "2930"]
[BlackElo "2797"]
[TimeControl "180+1"]
[EndTime "10:57:25 PDT"]
[Termination "Alexsur1981 won by resignation"]

1. c4 e6 2. g3 d5 3. Bg2 c6 4.
d4 Nf6 5. Nf3 dxc4 6. O-O b5 7. a4 Bb7 8. Ne5 a6 9. b3 cxb3 10.
Qxb3 Nd5 11. Nc3 Nd7 12. Nd3 Be7 13. Ne4 O-O 14. Ba3 a5 15. Nec5 Nxc5 16. Nxc5 Rb8 17.
Rfc1 b4 18. Bb2 Bc8 19. Nd3 Bd7 20. Ne5 Rc8 21. Rc2 Bd6 22. Nd3 Be7 23. Rac1 Qb6 24. Nc5 Rfd8 25. h4 Be8 26. e3 Nf6 27. Bf3 h6 28. Kg2 Rc7 29. Kg1 Rdc8 30. Be2 Nd7 31. Nxe6 fxe6 32. Qxe6+ Kf8 33. Bc4 Nf6 34. d5 Bf7 35.
Qf5 cxd5 36. Bd3 Rxc2 37. Rxc2 Rxc2 38. Bxc2 Qe6 39. Qf4 Bd6 40. Qd4 Be8 41. Qa7 Qe7 42. Qxa5 Kg8 43. Qa8 Kf7 44. a5 Qc7 45. Bd3 Bc6 46.
Qa6 Qb7 47. Qxb7+ Bxb7 48. a6 Ba8 49. Kf1 Ne4 50. Ke2 Bc5 51. g4 Nd6 52. h5 Nc4 53. Bg6+ Kf8 54. Ba1 b3 55. Bc3 Bc6 56. Kd1 Bb5 57. a7 Bxa7 58. Bb4+ Kg8 59. e4 dxe4 60.
Bxe4 Bxf2 61. Bd5+ Kh8 62. Ke2 Nb6+ 63. Kxf2 Nxd5 64.
Ba3 Nc3 65. Ke3 Na4 66. Kd2 b2 67. Kc2 Bd3+ 0-1

[Event "*** SCC Grand Prix: Titled Tuesday Blitz"]
[Site "Chess.com"]
[Date "2020.10.13"]
[Round "5"]
[White "K_A_S_T_O_R"]
[Black "GOGIEFF"]
[Result "0-1"]
[WhiteElo "2714"]
[BlackElo "2887"]
[TimeControl "180+1"]
[EndTime "10:57:26 PDT"]
[Termination "GOGIEFF won by resignation"]

1. e4 c5 2. Nf3 d6 3. d4 cxd4 4.
Nxd4 Nf6 5. Nc3 a6 6. Bg5 Nbd7 7.
Bc4 Qa5 8. Qd2 e6 9. O-O-O Be7 10. f3 O-O 11. Kb1 Qc7 12. Bxe6 fxe6 13. Nxe6 Qc4 14. Nxf8 Bxf8 15. b3 Qf7 16. Rhe1 b5 17. Bf4 Ne5 18. Qd4 Bb7 19. Be3 Rc8 20. Re2 Nc6 21. Qd2 Ne5 22.
Bd4 b4 23. Na4 a5 24. Ree1 Bc6 25. Nb6 Rb8 26. Bxe5 dxe5 27. Nc4 Qe6 28. Qg5 Re8 29. Qe3 Bb5 30. Nb6 a4 31. bxa4 Bc6 32. Qb3 Kf7 33.
Nc4 Kg6 34. Ne3 Bc5 35. Nf5 h6 36. Rd3 Kh7 37. Red1 g6 38. Nd6 Re7 39. Qxe6 Rxe6 40.
Nb5 g5 41. Kb2 g4 42. Kb3 gxf3 43. gxf3 Kg6 44. R1d2 Kg5 45. Rg2+ Kf4 46. Nc7 Re7 47. Nd5+ Bxd5+ 48. exd5 Rd7 49. Kc4 Bd4 50. Kxb4 Nxd5+ 51. Kb5 Ne3 52. Re2 Kxf3 53. Red2 Rb7+ 54. Kc6 Rg7 55.
a5 Ke4 56. c3 Ba7 57. Rd7 Rg6+ 58. Kb5 Bb8 59. Rb7 Bd6 60. Rb6 Nd5 61. Rc6 Nc7+ 62.
Kb6 Nd5+ 63. Kb5 Nc7+ 64. Kb6 Nd5+ 65. Rxd5 Kxd5 66. c4+ Kd4 67. a6 Bc5+ 68. Kb5 Rxc6 69. Kxc6 e4 70. Kb7 e3 71. a7 Bxa7 72. Kxa7 e2 73.
c5 e1=Q 74. c6 Qa5+ 75. Kb7 Qb5+ 76. Kc7 Kc5 0-1

[Event "*** SCC Grand Prix: Titled Tuesday Blitz"]
[Site "Chess.com"]
[Date "2020.10.13"]
[Round "5"]
[White "sergeikim"]
[Black "RobertoJBM"]
[Result "1-0"]
[WhiteElo "2528"]
[BlackElo "2706"]
[TimeControl "180+1"]
[EndTime "10:57:26 PDT"]
[Termination "sergeikim won on time"]

1. d4 d5 2. c4 c6 3. Nf3 Nf6 4. Qc2 g6 5. e3 Bg7 6. Bd3 O-O 7. Nbd2 Nbd7 8. O-O Re8 9. b4 e5 10. dxe5 Nxe5 11. Nxe5 Rxe5 12. Bb2 Re8 13. Rad1 Qe7 14. Rfe1 Be6 15. h3 Qxb4 16. Rb1 Qe7 17. Nf3 dxc4 18. Bxc4 Bxc4 19. Qxc4 Rad8 20. Bd4 a6 21. a4 Ne4 22.
Bxg7 Kxg7 23. Red1 Rxd1+ 24. Rxd1 Qe6 25. Qd4+ Qf6 26.
Qb6 Re7 27. Rd4 Nc3 28. Kh2 Nd5 29. Qc5 Re6 30. Rd3 h6 31. Rb3 Re7 32. Kg1 b6 33. Qc4 a5 34. Nd4 Nb4 35. Rb1 Rd7 36. Rc1 Rd6 37.
Nf3 Qb2 38. Nd4 c5 39. Nf3 Qf6 40. Qb5 Qe6 41. Rf1 Qd7 42. Qc4 Qxa4 43. Ne5 Re6 44. f4 Qc2 45. Qb5 Qe4 46. Qd7 Qxe3+ 47. Kh2 Rxe5 48. fxe5 Qxe5+ 49. Kh1 Qd5 50. Qc7 c4 51.
Qxb6 c3 52. Qc7 c2 53. Qc3+ Kg8 54. Qc8+ Kh7 55. Qf8 c1=Q 56. Rxc1 g5 57. Rf1 Kg6 58. Qg8+ Kh5 59. Qxf7+ Qxf7 60. Rxf7 a4 61. Ra7 Nd3 62. Rxa4 Ne5 63. Kh2 Nc6 64. Ra6 Ne5 65. g4+ 1-0

[Event "*** SCC Grand Prix: Titled Tuesday Blitz"]
[Site "Chess.com"]
[Date "2020.10.13"]
[Round "5"]
[White "karinachess1"]
[Black "Triumphmate"]
[Result "1-0"]
[WhiteElo "2515"]
[BlackElo "2451"]
[TimeControl "180+1"]
[EndTime "10:57:27 PDT"]
[Termination "karinachess1 won by resignation"]

1. e4 d5 2. exd5 Nf6 3. Bb5+ c6 4. dxc6 Nxc6 5. Nf3 Bg4 6. h3 Bh5 7. O-O e6 8. d4 Bd6 9. c3 h6 10. Be2 O-O 11. Ne5 Bxe2 12. Qxe2 Bxe5 13. dxe5 Nd5 14. Na3 Qc7 15. Re1 Rad8 16. Nc4 b5 17. Nd6 Nxe5 18.
Nxb5 Qb6 19. c4 Nxc4 20. Qxc4 Rc8 21. Qe2 Rfd8 22. Be3 Nxe3 23. fxe3 Rc5 24. Nc3 Rg5 25. Rad1 Rb8 26. b3 Rg6 27. Rd3 Qa5 28. Red1 Kh7 29. Ne4 Rb4 30. Nf2 Qf5 31. e4 Qg5 32. Qf3 f5 33.
exf5 exf5 34. Rd5 Rf4 35. h4 Qxh4 36. Qe3 Qg5 37. g3 Qxg3+ 38. Qxg3 Rxg3+ 39. Kf1 Rgf3 40. R1d2 g5 41. Kg2 Kg6 42. Nd3 Rxd3 43. R5xd3 Rg4+ 44. Kf2 f4 45. Rd6+ Kh5 46. Rf6 Rh4 47. Rdd6 Rh2+ 48. Kg1 Rxa2 49. Rxh6+ Kg4 50. Rhg6 Ra1+ 51. Kf2 Ra2+ 52. Ke1 Kf3 53. Rxg5 Ra1+ 54. Rd1 Ra2 55.
Rgd5 Rh2 56. R5d3+ Ke4 57. Kf1 a5 58. Kg1 Rh8 59.
Kf2 Rg8 60. Rd4+ Ke5 61. Ra4 Ke6 62. Rxa5 Rc8 63. Rd3 Rb8 64. Kf3 Rb4 65. Ra4 Rxa4 1-0

[Event "*** SCC Grand Prix: Titled Tuesday Blitz"]
[Site "Chess.com"]
[Date "2020.10.13"]
[Round "5"]
[White "BeanScreen"]
[Black "valeriocarnicelli"]
[Result "0-1"]
[WhiteElo "2721"]
[BlackElo "2561"]
[TimeControl "180+1"]
[EndTime "10:57:29 PDT"]
[Termination "valeriocarnicelli won by resignation"]

1. e4 c5 2. Nf3 Nc6 3. Nc3 e6 4. d4 cxd4 5. Nxd4 Nf6 6. Ndb5 d6 7. Bf4 e5 8. Bg5 a6 9. Na3 b5 10. Nd5 Be7 11. Bxf6 Bxf6 12. c4 b4 13. Nc2 a5 14.
Be2 O-O 15. O-O Be6 16. Bg4 Bxd5 17. cxd5 Nd4 18. Nxd4 exd4 19. Rc1 Re8 20. Qd3 Ra7 21.
Qb5 Qb8 22. Qxb8 Rxb8 23. Rc6 Rd8 24. Rfc1 d3 25. Rc8 Ra8 26. Rxa8 Rxa8 27. b3 Bc3 28. Kf1 a4 29. Bd1 axb3 30. Bxb3 g6 31. Rd1 d2 32. Ke2 Kg7 33. f4 Re8 34. Kd3 f5 35. exf5 gxf5 36. a4 Kf6 37. Kc4 Re4+ 38. Kb5 Rxf4 39. a5 Re4 40. a6 Re7 41. Kb6 Re1 42. a7 Bd4+ 43. Kb7 Bxa7 44. Kxa7 Rxd1 45. Bxd1 Ke5 46. Kb6 Kd4 47. Kb5 Kc3 48. Ka4 f4 49. h3 h6 50. h4 h5 51. Bb3 Kd3 52. Kxb4 Ke2 53. Kb5 Kf2 54. Kc6 Kxg2 55. Kxd6 f3 56. Ke7 f2 57. d6 f1=Q 58. d7 Qe2+ 59. Kf8 d1=Q 60. Bxd1 Qxd1 61. Ke7 Kg3 62. d8=Q Qxd8+ 63. Kxd8 Kxh4 64.
Ke7 Kg3 65. Kf6 h4 66. Kg5 h3 67. Kf5 h2 0-1

[Event "*** SCC Grand Prix: Titled Tuesday Blitz"]
[Site "Chess.com"]
[Date "2020.10.13"]
[Round "5"]
[White "Ranindu2003"]
[Black "anasta10"]
[Result "1-0"]
[WhiteElo "2617"]
[BlackElo "2414"]
[TimeControl "180+1"]
[EndTime "10:57:31 PDT"]
[Termination "Ranindu2003 won by resignation"]

1. e4 e6 2. d4 d5 3. Nd2 c5 4.
exd5 exd5 5. Ngf3 Nc6 6. dxc5 Bxc5 7. Nb3 Bb6 8. Bd3 Nf6 9. O-O O-O 10. h3 h6 11. c3 Re8 12. Nbd4 Nxd4 13. cxd4 Be6 14. Be3 Rc8 15. Re1 Qd6 16. a3 Ne4 17. Ne5 f6 18. Nf3 Bc7 19. Bd2 Bb8 20. Bxe4 dxe4 21.
Rxe4 Bd5 22. Bb4 Qc7 23. Rxe8+ Rxe8 24. g3 Qc6 25. Nh4 Qe6 26. Qg4 Qxg4 27. hxg4 Re4 28. Nf5 Bb3 29. f3 Re2 30. Re1 Rxe1+ 31. Bxe1 Kf7 32. Kf2 g6 33. Ne3 Bc7 34. Bc3 Bb6 35. Ng2 Bc2 36. Ke3 Ke6 37. Nf4+ Kf7 38. Nd5 Bd8 39.
Nb4 Bb1 40. Nd3 Bc7 41. Nf4 f5 42. gxf5 Bxf5 43. Ne2 h5 44. d5 Bd7 45. f4 Bb6+ 46. Bd4 Bc7 47. Nc3 b6 48. Ne4 Bf5 49. Be5 Bd8 50. Nd6+ Ke7 51. Nxf5+ gxf5 52. Bb8 a6 53.
Kd4 Kd7 54. Ke5 h4 55. gxh4 Bxh4 56. Kxf5 Bf2 57. Be5 b5 58. Ke4 a5 59. Bd4 Bh4 60.
f5 b4 61. axb4 axb4 62. b3 Kd6 63. f6 Kd7 64. Ke5 Bg3+ 65. Kf5 Kd6 66. f7 Ke7 67. Kg6 Bd6 68. Bg7 1-0

[Event "*** SCC Grand Prix: Titled Tuesday Blitz"]
[Site "Chess.com"]
[Date "2020.10.13"]
[Round "5"]
[White "SHIVACalypso"]
[Black "FMKonstantin_Twitch"]
[Result "0-1"]
[WhiteElo "2364"]
[BlackElo "2560"]
[TimeControl "180+1"]
[EndTime "10:57:31 PDT"]
[Termination "FMKonstantin_Twitch won by resignation"]

1. Nf3 Nf6 2. c4 c5 3. g3 Nc6 4. Bg2 g6 5. O-O Bg7 6. Nc3 d6 7. d3 O-O 8. a3 a6 9. Rb1 Rb8 10.
b4 cxb4 11. axb4 b5 12. cxb5 axb5 13. Bd2 Bd7 14. Qc1 Re8 15. Bh6 Bh8 16. e4 Ng4 17.
Bd2 Nge5 18. Ne1 Nd4 19. f4 Rc8 20. fxe5 Rxc3 21. Qd1 Ra3 22. exd6 exd6 23. Bh6 Qb6 24. Kh1 Ra2 25. Nf3 Ne2 26. Ng5 Be6 27. Nxe6 fxe6 28. Qb3 Raa8 29. Bh3 Nd4 30. Qd1 Qb7 31. Qg4 Nf5 32.
Qf4 Be5 33. Qd2 Nd4 34. Bf4 Qg7 35. Bxe5 Qxe5 36. Qf4 Qxf4 37. Rxf4 e5 38. Rf6 Rad8 39. Rbf1 Re7 40. Rc1 Kg7 41. Rf2 Ra8 42. Kg2 Ra3 43. Rb2 Rxd3 44. Bg4 h5 45. Bc8 h4 46. Ba6 hxg3 47.
hxg3 Rf7 48. Rf2 Rxf2+ 49. Kxf2 Ra3 50. Rc7+ Kf6 51. Bb7 Ra2+ 52. Kg1 Nf3+ 53. Kf1 Nd2+ 54. Ke1 Nc4 55. Bd5 Rc2 56. Bxc4 bxc4 57. b5 Rg2 58. Rxc4 Rxg3 59. Rb4 Rc3 60. b6 Rc8 61. b7 Rb8 62.
Rb2 Ke7 63. Kf2 Kd7 64. Ke3 Kc7 65. Rg2 Rg8 66. Rb2 g5 67. Kf3 Kb8 68. Kg4 Kc7 69.
Rb3 Rb8 70. Kxg5 Rxb7 71. Rc3+ Kd7 72. Kf5 Rb1 73. Rc2 Rf1+ 74. Kg4 Rf4+ 75. Kg3 Rxe4 76. Rc1 Rd4 77. Kf3 Ke6 78. Ke3 d5 79. Rc8 Kd7 80.
Ra8 Rc4 81. Ra6 Rc6 82. Kd3 0-1

[Event "*** SCC Grand Prix: Titled Tuesday Blitz"]
[Site "Chess.com"]
[Date "2020.10.13"]
[Round "5"]
[White "Nemsko"]
[Black "rugbyclub"]
[Result "1-0"]
[WhiteElo "2366"]
[BlackElo "2218"]
[TimeControl "180+1"]
[EndTime "10:57:35 PDT"]
[Termination "Nemsko won on time"]

1. e4 e5 2. Nf3 Nc6 3. Bb5 a6 4.
Ba4 Nf6 5. O-O Be7 6. Re1 b5 7.
Bb3 d6 8. c3 O-O 9. h3 Nb8 10.
d4 Nbd7 11. Bc2 Bb7 12. Nbd2 Re8 13. Nf1 Bf8 14. Ng3 g6 15. Bg5 h6 16. Bd2 c6 17.
Qe2 Bg7 18. Rad1 Qc7 19. Nh2 d5 20. dxe5 Nxe5 21. b3 Ned7 22. Qf1 c5 23. exd5 Nxd5 24. Rxe8+ Rxe8 25. Re1 Qb8 26. c4 Rxe1 27. Qxe1 bxc4 28. bxc4 Nf4 29. Be4 Be5 30. Nf3 Bc7 31. Bxb7 Qxb7 32. Qe8+ Nf8 33. Ne4 Qb1+ 34. Be1 Ne2+ 35. Kf1 Qd3 36.
Nf6+ Kg7 37. Nh5+ gxh5 38. Qxe2 Qxe2+ 39. Kxe2 Ne6 40. Bc3+ Kg6 41. Nd2 Kf5 42. Kf3 h4 43. g3 hxg3 44. fxg3 Ng5+ 45. Kg2 Ne4 46. Nxe4 Kxe4 47.
Bg7 h5 48. h4 Kd3 49. Kf3 f5 50. Bh6 Kxc4 51. Be3 Kd5 52. Bd2 c4 53. Bc3 Bb6 54.
Kf4 Bd4 55. Bd2 c3 56. Bc1 Bf2 57. Kxf5 Bxg3 58. Kg5 Ke4 59. Kxh5 Bf4 60. Ba3 c2 61. Kg4 c1=Q 62. Bxc1 Bxc1 63. h5 Kd3 64. Kf5 Kc2 65.
Ke4 a5 66. a4 Kb3 67. Kd5 Kxa4 68. Kc5 Bh6 69. Kc4 Ka3 70. Kc3 a4 71. Kc2 Ka2 72.
Kc3 a3 73. Kc2 Ka1 74. Kc3 a2 75. Kb3 1-0

[Event "*** SCC Grand Prix: Titled Tuesday Blitz"]
[Site "Chess.com"]
[Date "2020.10.13"]
[Round "5"]
[White "bocah_sakit"]
[Black "tlomigtlis"]
[Result "1/2-1/2"]
[WhiteElo "2872"]
[BlackElo "2640"]
[TimeControl "180+1"]
[EndTime "10:57:36 PDT"]
[Termination "Game drawn - insufficient material"]

1. e4 c5 2. Nf3 d6 3. d4 cxd4 4. Nxd4 Nf6 5. Nc3 a6 6. Bg5 Nbd7 7. f4 Qc7 8. Qf3 h6 9. Bxf6 Nxf6 10. f5 Qc5 11.
O-O-O g5 12. fxg6 Bg4 13. gxf7+ Kxf7 14. Qd3 Bxd1 15. Nxd1 Bg7 16. Qb3+ d5 17. Nf5 Rac8 18. Bd3 b5 19. Rf1 e6 20. e5 exf5 21. exf6 Bxf6 22. Bxf5 Rce8 23. Qh3 Re5 24. Kb1 Ke7 25. Qf3 Rg8 26. Nc3 b4 27. Na4 Qc6 28. b3 Rg5 29. g4 h5 30. h3 hxg4 31. hxg4 Qd6 32. Qf2 Qc7 33. Qd2 a5 34. Rh1 Rg7 35. Nb2 Qc3 36. Qxc3 bxc3 37. Nd3 Re3 38. Nf4 Kd6 39. Rd1 d4 40. a4 Rge7 41. Nd3 Bg5 42. Rh1 Re2 43. Rh5 Bd2 44. g5 Rg2 45. g6 Be3 46. Rh8 Rg7 47. Ra8 Ke7 48. Rxa5 Kf6 49. Rb5 Rg1+ 50. Ka2 Rd1 51.
Be4 Rd2 52. Nb4 Rc7 53. Nd5+ Ke5 54. Nxc7+ Kxe4 55. Kb1 Rd1+ 56. Ka2 Rc1 57. g7 Rxc2+ 58. Ka3 Rg2 59. Ne6 c2 60. Rc5 c1=Q+ 61. Rxc1 Bxc1+ 62. Kb4 Bh6 63. Kc4 Bxg7 64. a5 Be5 65. a6 Ra2 66.
b4 d3 67. Nc5+ Ke3 68. Nxd3 Bd4 69. Nc5 Bxc5 70. Kxc5 Rxa6 71. b5 Rh6 72. b6 Rh5+ 73. Kc6 Kd4 74. b7 Rh6+ 75. Kc7 Kc5 76. b8=Q Rh7+ 77.
Kc8 Rh8+ 78. Kb7 Rxb8+ 79. Kxb8 1/2-1/2

[Event "*** SCC Grand Prix: Titled Tuesday Blitz"]
[Site "Chess.com"]
[Date "2020.10.13"]
[Round "5"]
[White "kingofthenil"]
[Black "LionTheLeon_06"]
[Result "1/2-1/2"]
[WhiteElo "2462"]
[BlackElo "2627"]
[TimeControl "180+1"]
[EndTime "10:57:38 PDT"]
[Termination "Game drawn by repetition"]

1. e4 g6 2. d4 Bg7 3. Nc3 d6 4. h4 h6 5. h5 g5 6. f4 gxf4 7. Bxf4 Nc6 8. Nf3 Bg4 9. d5 Ne5 10. Be2 Bxf3 11. gxf3 Nf6 12. Qd2 c6 13. O-O-O cxd5 14. Nxd5 Nxd5 15. Qxd5 Qb6 16. Qb5+ Qxb5 17. Bxb5+ Kd8 18.
Be2 Kc7 19. Be3 a6 20. f4 Nc6 21. Bc4 e6 22. c3 Bf6 23. Bb3 Na5 24. Kc2 Rag8 25.
Rdg1 Nxb3 26. axb3 Kc6 27. Kd3 d5 28. e5 Be7 29. f5 exf5 30. Rxg8 Rxg8 31. Bxh6 Rg3+ 32. Ke2 d4 33. Bf4 Rg2+ 34. Kf3 Rxb2 35. h6 Bf8 36. h7 Bg7 37. Rh6+ Kc5 38. e6 fxe6 39. Rg6 Bh8 40. Rg8 Bf6 41. Rf8 Bg7 42. Rf7 Bh8 43.
b4+ Kc6 44. Rf8 Bg7 45. Rc8+ Kb6 46. Rg8 Bf6 47. Bg5 Be5 48. cxd4 Bxd4 49. Be7 Rb3+ 50.
Ke2 Kb5 51. Bc5 Ba1 52. h8=Q Bxh8 53. Rxh8 e5 54. Rb8 Kc6 55. Rc8+ Kd7 56. Rf8 f4 57.
Rf7+ Kc6 58. Rf6+ Kd5 59. Rb6 e4 60. Rxb7 Rb2+ 61. Kd1 e3 62. Re7 Kc4 63. Kc1 Rh2 64.
Re6 Kd3 65. Rxa6 Rh1+ 66. Kb2 e2 67. Bf2 Rf1 68. Bh4 Rh1 69. Bf2 Rh2 70. Be1 Rh1 71.
Bf2 1/2-1/2

[Event "*** SCC Grand Prix: Titled Tuesday Blitz"]
[Site "Chess.com"]
[Date "2020.10.13"]
[Round "5"]
[White "RamyresCoelho"]
[Black "KatarinaOstojic"]
[Result "1-0"]
[WhiteElo "2080"]
[BlackElo "2319"]
[TimeControl "180+1"]
[EndTime "10:57:39 PDT"]
[Termination "RamyresCoelho won by checkmate"]

1. e4 c5 2. Nf3 d6 3. d4 cxd4 4. Nxd4 Nf6 5. Nc3 a6 6. f3 e5 7.
Nb3 Be6 8. Be3 Be7 9. Qd2 O-O 10. O-O-O a5 11. g4 a4 12. Na1 a3 13. b3 Nc6 14.
g5 Nh5 15. Nd5 Bxd5 16. exd5 Nb8 17. c4 Nd7 18. Nc2 f5 19. Kb1 f4 20. Bf2 Bxg5 21.
h4 Be7 22. Bd3 b6 23. Rdg1 Nc5 24. Bxc5 bxc5 25. Qe1 Ng3 26. Rxg3 fxg3 27. Qxg3 Rf4 28. h5 Bf8 29. Ne3 Qf6 30. Be4 Kh8 31. Rg1 Ra7 32.
Ng4 Qg5 33. Qh2 Rxe4 34. fxe4 Rf7 35. h6 Rf4 36. hxg7+ Bxg7 37. Rh1 h5 38. Nf2 Qg6 39. Rg1 Qh7 40. Rg5 Rxf2 41. Qxf2 Qxe4+ 42. Ka1 Qh1+ 43. Rg1 e4+ 44. Kb1 Qf3 45. Qxf3 exf3 46. Rf1 Be5 47. Rxf3 Kg7 48. Kc2 Kg6 49. Kd3 h4 50. Ke4 Kg5 51. b4 cxb4 52. c5 Kg4 53. c6 h3 54. Rxh3 Kxh3 55. c7 b3 56. c8=Q+ Kg3 57. Qg8+ Kf2 58. Qc8 bxa2 59. Qc2+ Kg3 60. Qxa2 Kg4 61. Kd3 Kf5 62. Kc4 Ke4 63. Qxa3 Kf5 64. Qb3 Kf6 65.
Qd3 Ke7 66. Qe4 Kd7 67. Qf5+ Ke7 68. Qe6+ Kd8 69. Kb5 Kc7 70. Qf7+ Kd8 71. Kc6 Kc8 72. Qc7# 1-0

[Event "*** SCC Grand Prix: Titled Tuesday Blitz"]
[Site "Chess.com"]
[Date "2020.10.13"]
[Round "5"]
[White "BigAl"]
[Black "TorFredrikKaasen"]
[Result "0-1"]
[WhiteElo "2511"]
[BlackElo "2722"]
[TimeControl "180+1"]
[EndTime "10:57:40 PDT"]
[Termination "TorFredrikKaasen won by resignation"]

1. e4 e5 2. Bc4 Nf6 3. d3 Nc6 4. Nf3 Bc5 5. c3 d6 6. Bb3 a6 7.
Nbd2 O-O 8. h3 Be6 9. Bc2 Ba7 10. Nf1 d5 11. Ng5 h6 12. Nxe6 fxe6 13. Ne3 d4 14.
Nc4 b5 15. Nd2 dxc3 16. bxc3 Bxf2+ 17. Kxf2 Ng4+ 18. Kg1 Ne3 19. Qe2 Nxc2 20. Rb1 Qh4 21. Nf3 Qg3 22. Rb2 Na3 23. Be3 b4 24. cxb4 Nb5 25. Bf2 Qg6 26. Kh2 Nbd4 27. Bxd4 Nxd4 28. Nxd4 exd4 29. Rc2 Qg5 30. Rhc1 Rf7 31. Qg4 Qe5+ 32. Qg3 Qxg3+ 33. Kxg3 Rb8 34. a3 a5 35. bxa5 Rb3 36. Rxc7 Rxd3+ 37. Kh2 Rxc7 38. Rxc7 Rxa3 39. Rd7 Rxa5 40. Rxd4 Kf7 41. Rb4 Kf6 42. Kg3 Ra3+ 43. Kg4 Ra2 44. g3 g6 45. Rb8 h5+ 46. Kh4 Ra4 47.
Rf8+ Kg7 48. Re8 Rxe4+ 49. Kg5 Re5+ 50. Kf4 Re1 51. Ra8 Kf6 52. Ra6 g5+ 53. Kf3 Re5 54.
Kf2 Rb5 55. Ke3 Rb3+ 56. Kf2 Kf5 57. Ra5+ e5 58. Ra8 Rb2+ 59. Ke3 g4 60. Rf8+ Ke6 61. h4 Rb3+ 62. Kf2 e4 63. Rh8 Rf3+ 64.
Kg2 Rf5 65. Rh6+ Kd5 66. Rg6 Kc4 67. Rg5 Rxg5 68. hxg5 Kd5 69. g6 Ke6 70. Kf2 Kf6 71. Ke3 Kxg6 72. Kxe4 Kg5 73. Ke3 h4 74. gxh4+ Kxh4 75.
Kf2 Kh3 76. Kg1 Kg3 77. Kh1 Kf2 78. Kh2 g3+ 79. Kh3 g2 80. Kh4 g1=Q 0-1

[Event "*** SCC Grand Prix: Titled Tuesday Blitz"]
[Site "Chess.com"]
[Date "2020.10.13"]
[Round "5"]
[White "guillembaches"]
[Black "Fischerev7"]
[Result "0-1"]
[WhiteElo "2392"]
[BlackElo "2258"]
[TimeControl "180+1"]
[EndTime "10:57:46 PDT"]
[Termination "Fischerev7 won on time"]

1. e4 c5 2. Nf3 d6 3. d4 cxd4 4. Qxd4 Nc6 5. Qe3 g6 6. c4 Bg7 7. Be2 Nf6 8. O-O O-O 9. h3 Be6 10. Nc3 Rc8 11. Rd1 Qc7 12. Bd2 a6 13. Rac1 Rfd8 14. b3 Qb8 15. Qd3 h6 16. Be3 Kh7 17. Bb6 Re8 18. a4 Nd7 19. Be3 Nde5 20. Nxe5 Nxe5 21.
Qd2 Nc6 22. Nd5 Bxd5 23. exd5 Ne5 24. f4 Nd7 25. Bg4 f5 26. Be2 Nf6 27. Bd3 e5 28. dxe6 Rxe6 29. Re1 Rce8 30. Bd4 Qc7 31. Rxe6 Rxe6 32.
Re1 Qe7 33. Rxe6 Qxe6 34. Qe3 Ne4 35. Bxg7 Kxg7 36. Qd4+ Nf6 37. Kf2 g5 38. g3 gxf4 39. gxf4 Kg6 40. Qe3 Qd7 41. Qg3+ Kf7 42. Qe3 Kg6 43.
Bc2 Nh5 44. Qd4 Qe6 45. Bd3 Qe7 46. Be2 Qh4+ 47. Ke3 Qg3+ 48. Bf3 Qe1+ 49. Be2 Qg1+ 50. Kd3 Qxd4+ 51. Kxd4 Nxf4 52. Bf3 b6 53. h4 a5 54. Ke3 Ne6 55. Bd5 Kf6 56. Bf3 Ke5 57. Bd1 f4+ 58. Kf3 Nc5 59. Bc2 Ne6 60. Bd1 Nd4+ 61. Kg4 Ke4 62.
Kh5 f3 63. Bxf3+ Nxf3 64. Kxh6 Nxh4 65. Kg5 Nf3+ 66. Kf6 Kd4 67. Ke6 Kc5 68. Kf5 Nd4+ 69. Kf6 Nxb3 70. Ke7 Nd2 71. Kd7 Nxc4 0-1

[Event "*** SCC Grand Prix: Titled Tuesday Blitz"]
[Site "Chess.com"]
[Date "2020.10.13"]
[Round "5"]
[White "Vision_64"]
[Black "Kotofeyca"]
[Result "1-0"]
[WhiteElo "2228"]
[BlackElo "2342"]
[TimeControl "180+1"]
[EndTime "10:57:50 PDT"]
[Termination "Vision_64 won by checkmate"]

1. e4 c5 2. Nf3 d6 3. d4 cxd4 4. Nxd4 Nf6 5. Nc3 a6 6. Bg5 e6 7. f4 Qb6 8. Qd2 Nc6 9. Nb3 Be7 10. O-O-O O-O 11. Be2 Qc7 12. g4 Rd8 13. h4 b5 14.
Bf3 b4 15. Ne2 Bb7 16. Kb1 e5 17. f5 a5 18. Bxf6 Bxf6 19. g5 Be7 20. f6 Bf8 21. fxg7 Bxg7 22. Ng3 a4 23. Nc1 a3 24. b3 Nd4 25. Be2 d5 26. exd5 Bxd5 27. Rhf1 e4 28. Nh5 Qe5 29. Qxd4 Qxd4 30. Rxd4 Bxd4 31.
Nf6+ Bxf6 32. gxf6 Rd6 33. Bg4 Raa6 34. Rf5 Be6 35.
Rg5+ Kh8 36. Be2 Rd5 37. Bxa6 Rd1 38. Be2 Re1 39. Rc5 h6 40. Rb5 e3 41. Rxb4 Rg1 42. Re4 Rg6 43. Rxe3 Rxf6 44. Nd3 Rf2 45. Bd1 Rf1 46.
Kc1 Rh1 47. Re1 Rxh4 48. Ne5 h5 49. c4 Kg7 50. Bc2 Rh2 51. Nd3 h4 52. Nf4 Bg4 53. Rg1 f5 54. Bxf5 Kf6 55. Bxg4 Rxa2 56. Rg2 Ra1+ 57.
Kc2 a2 58. Kb2 Rf1 59. Kxa2 Rxf4 60. Bd7 Ke5 61. Bc6 Rd4 62. Re2+ Kd6 63. Bd5 h3 64. Kb2 Rh4 65. Rh2 Kc5 66. Kc3 Rh5 67. Kd3 Kd6 68. Ke3 Kc5 69. Kf3 Kb4 70. Kg4 Re5 71. Rxh3 Re1 72. Kf4 Re7 73. Re3 Rg7 74.
Ke4 Rg2 75. Kd4 Rd2+ 76. Rd3 Rd1 77. Rxd1 Kxb3 78. Rc1 Kb2 79. c5 Ka3 80. c6 Kb2 81.
c7 Ka3 82. c8=Q Kb2 83. Qc3# 1-0

[Event "*** SCC Grand Prix: Titled Tuesday Blitz"]
[Site "Chess.com"]
[Date "2020.10.13"]
[Round "5"]
[White "semchik73"]
[Black "Beltraxtor"]
[Result "1/2-1/2"]
[WhiteElo "2364"]
[BlackElo "2547"]
[TimeControl "180+1"]
[EndTime "10:57:55 PDT"]
[Termination "Game drawn - insufficient material"]

1. Nf3 d5 2. c4 c6 3. e3 Bf5 4.
Nc3 e6 5. d4 Nf6 6. Bd3 Bxd3 7.
Qxd3 Nbd7 8. O-O Bb4 9. a3 Bxc3 10. bxc3 Ne4 11. Nd2 f5 12. f3 Nxd2 13. Bxd2 O-O 14. cxd5 exd5 15. e4 fxe4 16. fxe4 dxe4 17. Qxe4 Nf6 18.
Qe6+ Kh8 19. Bg5 Qd5 20. Qxd5 Nxd5 21. c4 Nc3 22. Rfe1 Rae8 23. Be3 Rf7 24. Rac1 Ne4 25. d5 cxd5 26. cxd5 b6 27. Bxb6 h6 28. Bc7 Rd7 29. Rc4 Nf6 30. Rxe8+ Nxe8 31. Bg3 Kg8 32. d6 Kf7 33.
Rf4+ Ke6 34. Re4+ Kf7 35. Ra4 Ke6 36. Ra6 Nf6 37. Kf2 Ne4+ 38. Kf3 Nxg3 39. Kxg3 Rxd6 40. Rxa7 Kf6 41. Kf2 Rd3 42. h3 Rb3 43. a4 h5 44. a5 Ra3 45. a6 g6 46. Ra8 Kg7 47. a7 Kh7 48. Ke2 h4 49. Kd2 Kg7 50.
Kc2 Ra2+ 51. Kb3 Ra6 52. Kb4 Ra2 53. Kb5 Rb2+ 54. Kc6 Rc2+ 55. Kb7 Rb2+ 56. Kc6 Ra2 57. Kb6 Rb2+ 58. Kc5 Ra2 59. Kd5 g5 60. Ke5 Ra5+ 61. Ke4 Ra4+ 62. Kf5 Ra5+ 63. Kg4 Kh7 64. Kh5 Kg7 65. Kg4 Kh7 66. Kh5 Kg7 67. Rb8 Rxa7 68. Kxg5 Ra2 69. Kxh4 Rxg2 70. Rb5 Kh6 71. Rb6+ Rg6 72.
Rxg6+ Kxg6 73. Kg4 Kh6 74. h4 Kg6 75. h5+ Kh6 76.
Kh4 Kh7 77. Kg4 Kg7 78. Kf5 Kh6 79. Kf6 Kh7 80. Kf7 Kh6 81. Kf6 Kxh5 1/2-1/2